 Dungeon Crawl Stone Soup version 0.27-a0-1528-g90fbb72469 (webtiles) character file.

Game seed: 9936213254943257608

30095 Froggeryz the Severer (level 13, -2/147 HPs)
             Began as a Barachi Berserker on July 11, 2021.
             Was a High Priest of Trog.
             Slain by a 15-headed hydra (8 damage)
             ... on level 5 of the Lair of Beasts.
             The game lasted 00:24:47 (22039 turns).

Froggeryz the Severer (Barachi Berserker)          Turns: 22039, Time: 00:24:48

Health: -2/147     AC: 17    Str: 23    XL:     13   Next: 49%
Magic:  13/13      EV: 10    Int: 11    God:    Trog [*****.]
Gold:   942        SH:  5    Dex: 12    Spells: 12/12 levels left

rFire    . . .     SeeInvis .   H - +0 hand axe (elec)
rCold    . . .     Faith    .   (no shield)
rNeg     + . .     Spirit   .   J - +1 chain mail {rN+}
rPois    +         Reflect  +   m - +2 hat {Int+3}
rElec    .         Harm     .   o - +2 cloak
rCorr    .         Rampage  .   (no gloves)
Will     +....                  k - +0 pair of boots
Stlth    ..........             l - amulet of reflection
HPRegen  0.34/turn              E - ring of poison resistance
MPRegen  0.13/turn              G - ring of willpower

@: berserking, very quick
A: amphibious, slowness 1, strong legs 2, +LOS
a: Hop, Renounce Religion, Berserk, Trog's Hand, Brothers in Arms


You were on level 5 of the Lair of Beasts.
You worshipped Trog.
Trog was extremely pleased with you.
You visited 3 branches of the dungeon, and saw 16 of its levels.
You also visited: Sewer.

You collected 942 gold pieces.

Inventory:

Hand Weapons
 b - the +8 whip "Snakebite" {curare, rPois}
   (You found it on level 4 of the Lair of Beasts)

   It poisons the flesh of those it strikes.
   rPois:     It protects you from poison.
 w - a +1 hand axe of flaming
 H - a +0 hand axe of electrocution (weapon)
Missiles
 c - 2 curare-tipped darts
 p - 29 poisoned darts (quivered)
 L - 9 boomerangs
 P - 3 javelins
Armour
 g - a +1 kite shield
 k - a +0 pair of boots (worn)
 m - a +2 hat of intelligence (worn)
 o - a +2 cloak (worn)
 J - a +1 chain mail of positive energy (worn)
Jewellery
 a - an amulet of guardian spirit
 l - an amulet of reflection (around neck)
 E - a ring of poison resistance (left hand)
 G - a ring of willpower (right hand)
 I - an amulet of faith
 S - a ring of flight
Wands
 f - a wand of paralysis (19)
 i - a wand of iceblast (22)
 j - a wand of polymorph (4)
 y - a wand of digging (12)
 B - a wand of flame (32)
 K - a wand of acid (9)
 M - a wand of mindburst (24)
Scrolls
 h - 2 scrolls of immolation
 v - 4 scrolls of teleportation
 x - a scroll of silence
 C - 2 scrolls of holy word
 D - 3 scrolls of fog
 N - a scroll of magic mapping {unknown}
Potions
 d - 5 potions of curing
 e - 4 potions of attraction
 n - 2 potions of might {unknown}
 q - 8 potions of flight {unknown}
 r - 4 potions of heal wounds {unknown}
 s - 4 potions of lignification {unknown}
 t - 2 potions of haste
 u - a potion of resistance
 z - 3 potions of mutation {unknown}
 A - a potion of magic {unknown}
 O - 2 potions of brilliance {unknown}


   Skills:
 + Level 8.2 Fighting
 - Level 18.0 Axes
 - Level 6.1 Throwing
 - Level 5.1 Armour
 - Level 7.0 Dodging
 + Level 10.0 Shields


You had 12 spell levels left.
You didn't know any spells.
Your spell library was empty.

Dungeon Overview and Level Annotations

Branches:
Dungeon (10/15)            Temple (0/1) D:6            Lair (5/6) D:10
 Shoals (0/4) Lair:3       Spider (0/4) Lair:4          Orc (1/2) D:9
  Sewer (visited)
  Slime: Lair:5-6

Altars:
Fedhas
Hepliaklqana
Okawaru
Qazlal
Uskayaw
Xom
Beogh

Shops:
D:1 [   D:4 :   D:8 :

Portals:
Trove: D:10 (show abyssal rune of Zot)

Annotations:
Lair:2 2 transporters, confidenceinterval's ghost, adept GrFi
Orc:1 Fannar


Innate Abilities, Weirdness & Mutations

You are amphibious.
You cover ground slowly.
You can hop long distances.
You have an extended range of vision and can be seen from far away.


Message History

The ten-headed hydra bites you.
* * * LOW HITPOINT WARNING * * *
The ten-headed hydra closely misses you.
The ten-headed hydra bites you.
* * * LOW HITPOINT WARNING * * *
The ten-headed hydra bites you.
* * * LOW HITPOINT WARNING * * *
The ten-headed hydra bites you!
* * * LOW HITPOINT WARNING * * *
You slice one of the ten-headed hydra's heads off!
The nine-headed hydra grows two more!
You slash the 11-headed hydra!
The 11-headed hydra is heavily wounded.
You lop one of the 11-headed hydra's heads off!
The ten-headed hydra grows two more!
You slice the 12-headed hydra!!
The 12-headed hydra is severely wounded.
The 12-headed hydra bites you but does no damage.
You block the 12-headed hydra's attack. The 12-headed hydra bites you.
* * * LOW HITPOINT WARNING * * *
The 12-headed hydra completely misses you.
The 12-headed hydra bites you but does no damage.
The 12-headed hydra bites you!
* * * LOW HITPOINT WARNING * * *
The 12-headed hydra bites you but does no damage.
The 12-headed hydra bites you.
* * * LOW HITPOINT WARNING * * *
The 12-headed hydra barely misses you. The 12-headed hydra closely misses you.
You block the 12-headed hydra's attack. The 12-headed hydra closely misses you.
You chop one of the 12-headed hydra's heads off!
The 11-headed hydra grows two more!
You slice the 13-headed hydra!!
The 13-headed hydra is severely wounded.
You hack one of the 13-headed hydra's heads off!
The 12-headed hydra grows two more!
You slice the 14-headed hydra!!
The 14-headed hydra is almost dead.
You hack one of the 14-headed hydra's heads off!
The 13-headed hydra grows two more!
You slash the 15-headed hydra!
The 15-headed hydra is almost dead.
You block the 15-headed hydra's attack.
The 15-headed hydra bites you but does no damage.
The 15-headed hydra bites you!
You die...

####..#.
##.#.#...########
#..>............#.
..................
........(.........
#................?
........^.......>.
P.........D...>...
.........@....?#
.#..##....+####
#.P...# ##...##
####...#
####.P.'###
#.#.P....#
##..P....## ##
#........#.P#


You could see a 15-headed hydra.

Vanquished Creatures
  A boulder beetle (Lair:4)
  2 hydras (Lair:3)
  Pikel (D:5)
  9 elephants
  An ice statue (Lair:3)
  2 black mambas
  2 gargoyles (D:10)
  17 cane toads
  An efreet (D:9)
  6 komodo dragons
  3 rime drakes
  4 jumping spiders (Lair:4)
  A guardian mummy (D:10)
  2 polar bears
  Prince Ribbit (D:6)
  17 blink frogs
  5 redbacks (Lair:4)
  Eustachio (D:4)
  12 yaks (Lair:3)
  3 wyverns
  3 basilisks
  A steam dragon (D:9)
  A warg (D:9)
  13 water moccasins
  5 orc warriors
  An ice beast (D:7)
  2 sky beasts
  A hornet zombie (D:6)
  A black bear (D:8)
  2 ogres (D:4)
  16 wolves
  4 centaurs
  2 lemures
  A phantom (D:4)
  4 kobold brigands
  Blork the orc (D:5)
  15 bullfrogs
  A water moccasin skeleton (D:4)
  6 killer bees (D:10)
  An electric eel (Lair:3)
  6 wights
  4 howler monkeys
  3 hounds
  2 bullfrog skeletons (D:5)
  2 gnoll shamans
  7 orc priests
  Crazy Yiuf (D:3)
  A centaur skeleton (D:5)
  Ijyb (D:3)
  4 iguanas
  8 orc wizards
  A killer bee zombie (D:8)
  3 howler monkey zombies
  6 gnolls
  9 adders
  2 river rats (Sewer)
  3 shadow imps
  A white imp (D:7)
  An ufetubus (D:5)
  An adder skeleton (D:5)
  3 worms
  4 dart slugs
  25 orcs
  4 endoplasms
  7 giant cockroaches
  13 goblins
  2 hobgoblins (D:2)
  17 jackals
  3 quokkas
  9 ball pythons
  6 frilled lizards
  21 kobolds
  7 rats
359 creatures vanquished.

Vanquished Creatures (others)
  17 fungi
  30 plants
  4 toadstools (D:1)
51 creatures vanquished.

Grand Total: 410 creatures vanquished

Notes
Turn   | Place    | Note
-------+----------+-------------------------------------------
     0 | D:1      | Froggeryz the Barachi Berserker began the quest for the
                  | Orb.
     0 | D:1      | Reached XP level 1. HP: 18/18 MP: 1/1
   353 | D:1      | Reached XP level 2. HP: 24/24 MP: 2/2
   406 | D:1      | Found a faded altar of an unknown god.
   426 | D:1      | Reached skill level 4 in Axes
   725 | D:1      | Found Gegimpih's Antique Armour Emporium.
   822 | D:1      | Reached XP level 3. HP: 29/29 MP: 3/3
  1089 | D:2      | Reached ** piety under Trog
  1455 | D:2      | HP: 1/29 [poisoned by a goblin]
  1460 | D:2      | HP: 1/29 [poisoned by a goblin]
  1771 | D:2      | Reached XP level 4. HP: 4/36 MP: 4/4
  2167 | D:2      | Reached skill level 5 in Axes
  2593 | D:3      | Reached XP level 5. HP: 41/41 MP: 5/5
  2616 | D:3      | Found a runed translucent door.
  2617 | D:3      | Noticed Crazy Yiuf
  2746 | D:3      | Noticed Ijyb
  2760 | D:3      | Killed Ijyb
  2838 | D:3      | Noticed a sky beast
  2870 | D:3      | Killed a sky beast
  2871 | D:3      | Reached skill level 6 in Axes
  2871 | D:3      | Reached XP level 6. HP: 17/47 MP: 6/6
  3454 | D:3      | Noticed an air elemental
  3455 | D:3      | Found a stormy altar of Qazlal.
  3457 | D:3      | Noticed a fire elemental
  3458 | D:3      | Noticed a water elemental
  3768 | D:3      | Killed Crazy Yiuf
  3917 | D:4      | Reached skill level 7 in Axes
  4003 | D:4      | Reached XP level 7. HP: 52/52 MP: 7/7
  4026 | D:5      | Entered Level 5 of the Dungeon
  4034 | D:5      | Noticed Pikel
  4320 | D:4      | Found a glowing drain.
  4324 | Sewer    | Entered a sewer
  4330 | Sewer    | Reached *** piety under Trog
  4630 | Sewer    | Found a glowing silver altar of Zin.
  4712 | D:4      | Found Inim's Book Shoppe.
  4756 | D:4      | Reached skill level 8 in Axes
  4756 | D:4      | Reached skill level 5 in Dodging
  4783 | D:4      | Reached XP level 8. HP: 59/59 MP: 8/8
  4783 | D:4      | Noticed Eustachio
  4816 | D:4      | Killed Eustachio
  4817 | D:4      | Reached skill level 9 in Axes
  5590 | D:5      | Killed Pikel
  5591 | D:5      | Reached skill level 10 in Axes
  5859 | D:5      | Reached XP level 9. HP: 58/64 MP: 9/9
  6020 | D:5      | Noticed Blork the orc
  6032 | D:5      | Killed Blork the orc
  6480 | D:5      | Reached skill level 11 in Axes
  6845 | D:5      | Found a hazy altar of Hepliaklqana.
  6845 | D:5      | Found a hide-covered altar of Uskayaw.
  6950 | D:6      | Noticed Prince Ribbit
  6956 | D:6      | Killed Prince Ribbit
  7037 | D:6      | Reached **** piety under Trog
  7113 | D:6      | Reached skill level 5 in Fighting
  7498 | D:6      | Found a staircase to the Ecumenical Temple.
  8059 | D:7      | Reached skill level 1 in Throwing
  8576 | D:7      | Reached skill level 12 in Axes
  9034 | D:8      | Reached XP level 10. HP: 67/74 MP: 10/10
  9579 | D:8      | Found a shimmering altar of Xom.
  9809 | D:8      | Found Zameec's Book Shop.
 10358 | D:9      | Found a blossoming altar of Fedhas.
 10566 | D:9      | Found an iron altar of Okawaru.
 10796 | D:9      | Reached skill level 13 in Axes
 11387 | D:9      | Found a staircase to the Orcish Mines.
 12144 | D:9      | Reached skill level 5 in Throwing
 12250 | Orc:1    | Entered Level 1 of the Orcish Mines
 12251 | Orc:1    | Noticed a two-headed ogre
 12255 | Orc:1    | Noticed Fannar
 12418 | D:10     | Entered Level 10 of the Dungeon
 12581 | D:10     | Reached ***** piety under Trog
 12600 | D:10     | Reached skill level 14 in Axes
 12685 | D:10     | Found a staircase to the Lair.
 12868 | D:10     | Noticed a gargoyle
 12888 | D:10     | Killed a gargoyle
 12889 | D:10     | Reached XP level 11. HP: 79/79 MP: 11/11
 13522 | D:10     | Found a portal to a secret trove of treasure.
 13722 | Lair:1   | Entered Level 1 of the Lair of Beasts
 14074 | Lair:1   | Reached skill level 15 in Axes
 14074 | Lair:1   | Reached skill level 5 in Armour
 14278 | Lair:1   | Reached skill level 1 in Shields
 15922 | Lair:2   | Reached skill level 16 in Axes
 15963 | Lair:2   | Reached XP level 12. HP: 36/86 MP: 12/12
 16204 | Lair:2   | Noticed confidenceinterval's ghost (adept GrFi)
 16204 | Lair:2   | Noticed a death yak
 16221 | Lair:2   | Found a transporter.
 16250 | Lair:2   | Found a transporter.
 17066 | Lair:2   | Reached skill level 5 in Shields
 17586 | Lair:3   | Reached skill level 17 in Axes
 17586 | Lair:3   | Received a gift from Trog
 17718 | Lair:3   | Found a staircase to the Shoals.
 17737 | Lair:3   | Noticed a five-headed hydra
 17748 | Lair:3   | Killed a five-headed hydra
 17868 | Lair:3   | Noticed an eight-headed hydra
 17880 | Lair:3   | Killed a two-headed hydra
 18283 | Lair:3   | Identified the +7 flail "Ciduqoofa" {venom, rN+ Stlth+}
 19303 | Lair:4   | Found a hole to the Spider Nest.
 19880 | Lair:4   | Gained mutation: You can hop long distances. [Barachi
                  | growth]
 19880 | Lair:4   | Reached XP level 13. HP: 72/91 MP: 13/13
 20053 | Lair:4   | Reached skill level 18 in Axes
 21119 | Lair:4   | Found the +8 whip "Snakebite" {curare, rPois}
 21896 | Lair:5   | Reached skill level 10 in Shields
 22036 | Lair:5   | HP: 6/147 [12-headed hydra (8)]
 22039 | Lair:5   | Slain by a 15-headed hydra

Illustrated notes

Levels and vault maps discovered:
D:1:      ldierk_walled_garden_2, layout_loops_ring, serial_shops, shop,
          ebering_ecumenical_altar_box, minivault_26
D:2:      layout_basic, chequers_serial_rivers_micro_a
D:3:      layout_loops_ring, nicolae_qazlal_style_of_elements,
          hangedman_decor_growths, kennysheep_generic_room_3,
          uniq_crazy_yiuf_cottage, uniq_ijyb
D:4:      layout_loops_ring, serial_shops, shop, gup_sewer_entry_bowl,
          roderic_lattice_a, st_stairs_10,
          hangedman_abyss_or_decor_jellyfish_corner, uniq_eustachio
D:5:      layout_loops_ring, gammafunk_temple_overflow_elements, uniq_pikel,
          uniq_blork_the_orc
D:6:      layout_gridville, minmay_temple_entry_fiery, uniq_prince_ribbit1
D:7:      layout_gridville
D:8:      layout_loops_cross, lemuel_tele_altar, serial_shops,
          nicolae_shop_crystal, minmay_misc_feat_room
D:9:      layout_loops_corners, fedhas_altar_2,
          mainiacjoe_overflow_concentric_impassable,
          minmay_orc_entry_temple_small, serial_bayou, serial_bayou_pond_d,
          serial_bayou_shore_a, serial_bayou_pond_d, serial_bayou_pond_d
D:10:     layout_basic, erik_lair_dragon, nicolae_trove_entry_path_of_doom,
          minmay_fountain_box, chequers_serial_rivers_room_b
Lair:1:   layout_gridlike, grunt_megastairs_3, infiniplex_staircase_pool
Lair:2:   layout_small_grid, gammafunk_ghost_berserking_beasts,
          grunt_megastairs_5
Lair:3:   statuecave_lemuel, layout_cave_pods, shoals_dummy_entry
Lair:4:   minmay_guarded_unrand_snakebite, layout_regular_city,
          nicolae_spider_entry_tight_spaces
Lair:5:   layout_roguey
Orc:1:    layout_caves, serial_shops, nicolae_shop_overgrown_old_shop,
          basic_altar, uniq_fannar

Skill      XL: |  1  2  3  4  5  6  7  8  9 10 11 12 13 |
---------------+----------------------------------------+-----
Axes           | 4 5 6 7 8 10 12 14 16 17 18 | 18.0
Armour         | 3 5 |  5.1
Dodging        | 3 4 5 7 |  7.0
Fighting       | 5 8 |  8.2
Throwing       | 3 6 |  6.1
Shields        | 4 8 10 | 10.0

Action                   |  1- 3 |  4- 6 |  7- 9 | 10-12 | 13-15 || total
-------------------------+-------+-------+-------+-------+-------++-------
Melee: Hand axe          |   165 |   136 |   494 |   802 |   176 ||  1773
       Whip              |       |       |       |       |     7 ||     7
Throw: Dart              |       |       |       |    43 |    13 ||    56
Invok: Trog's Hand       |     2 |     1 |       |     2 |       ||     5
       Berserk           |       |     4 |     8 |    14 |     3 ||    29
 Abil: Hop               |       |       |     1 |     2 |       ||     3
Evoke: Wand              |       |     1 |       |    11 |     1 ||    13
  Use: Potion            |     2 |     1 |     2 |     2 |     1 ||     8
       Scroll            |       |     2 |     2 |     8 |       ||    12
 Stab: Paralysed         |       |    10 |       |     2 |       ||    12
Armor: Leather armour    |    11 |       |       |       |       ||    11
       Scale mail        |    53 |    42 |   199 |   258 |       ||   552
       Chain mail        |       |       |       |    15 |   106 ||   121
Dodge: Dodged            |   112 |    47 |   224 |   344 |    77 ||   804
Block: Other             |       |    15 |    97 |   130 |    39 ||   281
       Reflection        |       |       |     3 |     7 |       ||    10

Table legend: (Time is in decaauts)
 A = Elapsed time spent in this place.
 B = Non-inter-level travel time spent in this place.
 C = Inter-level travel time spent in this place.
 D = Time resting spent in this place.
 E = Time spent auto-exploring this place.
 F = Levels seen in this place.
 G = Mean time per level.
                   A        B        C        D        E       F      G
               +--------+--------+--------+--------+--------+-----+--------+
         Total |  23897 |  23025 |    872 |   4627 |  15310 |  17 | 1405.7 |
       Dungeon |  14849 |  14217 |    632 |   1735 |  10406 |  10 | 1484.9 |
          Lair |   8679 |   8439 |    240 |   2891 |   4627 |   5 | 1735.8 |
  Orcish Mines |      6 |      6 |      0 |      0 |      0 |   1 |    6.0 |
         Sewer |    362 |    362 |      0 |      0 |    276 |   1 |  362.0 |
               +--------+--------+--------+--------+--------+-----+--------+

Top non-repeatable levels by time:
  Lair:4: 2575 daAuts
     D:9: 2415 daAuts
  Lair:2: 2151 daAuts
  Lair:3: 2010 daAuts
  Lair:1: 1824 daAuts
     D:3: 1757 daAuts
     D:2: 1696 daAuts
     D:5: 1538 daAuts
     D:7: 1483 daAuts
    D:10: 1475 daAuts
     D:4: 1382 daAuts
     D:6: 1063 daAuts
     D:1: 1052 daAuts
     D:8: 984 daAuts
   Sewer: 362 daAuts
